 Dungeon Sprint DCSS version 0.17.1-1-g73c8601 (webtiles) character file.

0 hexophile the Chopper (level 1, -10/19 HPs)
             Began as a Minotaur Berserker on Dec 25, 2015.
             Was a Follower of Trog.
             Mangled by a siren
             ... wielding a +0 antimagic trident
              (15 damage)
             ... in the Dungeon (Sprint II: "The Violet Keep of Menkaure").
             The game lasted 00:00:17 (16 turns).

hexophile the Chopper (Minotaur Berserker)            Turns: 16, Time: 00:00:17

Health: -10/19     AC:  2    Str: 21    XL:     1   Next: 0%
Magic:  0/0        EV: 12    Int:  4    God:    Trog [*.....]
Gold:   0          SH:  0    Dex:  9    Spells: 0 memorised, 0 levels left

rFire  . . .     SeeInvis .     a - +0 hand axe
rCold  . . .     Clarity  .     b - +0 animal skin
rNeg   . . .     SustAt   .     (no shield)
rPois  .         Gourm    .     (helmet restricted)
rElec  .         Spirit   .     (no cloak)
rCorr  .         Warding  .     (no gloves)
rMut   .         NoTele   +     (no boots)
MR     .....                    (no amulet)
Stlth  +.........               (no ring)
                                (no ring)

@: mesmerised, not resistant to hostile enchantments, very unstealthy
A: retaliatory headbutt, horns 2
a: Berserk, Burn Spellbooks, Renounce Religion


You were in the Dungeon.
You worshipped Trog.
Trog was aware of your devotion.
You were not hungry.

You visited 1 branch


Innate Abilities, Weirdness & Mutations

You reflexively headbutt those who attack you in melee.
You have a pair of horns on your head.

Inventory:

Hand Weapons
 a - a +0 hand axe (weapon)
Armour
 b - a +0 animal skin (worn)
Scrolls
 i - a scroll of blinking
Potions
 d - a potion of curing
 f - a potion of haste
 g - 2 potions of magic
 h - a potion of berserk rage
Comestibles
 r - a bread ration


You couldn't memorise any spells.
You didn't know any spells.


   Skills:
 - Level 3.6 Fighting
 + Level 3.6 Axes
 - Level 2.4 Armour
 - Level 2.1 Dodging

Dungeon Overview and Level Annotations

Branches:
Dungeon (1/1)

Altars:

Vault maps used:
D:        the_violet_keep_of_menkaure
You       could see a siren.


Message History

The siren is moderately wounded.
The siren chants its luring song.
You hit the siren.
The siren is moderately wounded.
The siren hits you with an antimagic trident!
Ouch! That really hurt!
* * * LOW HITPOINT WARNING * * *
!MASSIVE DAMAGE!
YOU LOST 12 HP!
You have now: 4/19 HP.
You are too mesmerised to rage.
Unknown command.
Drink which item? (? for menu, Esc to quit)
You feel much better.
The siren chants its luring song.
Restored 15 HP.
You have now: 19/19 HP.
You hit the siren.
The siren is heavily wounded.
The siren hits you with an antimagic trident!
Ouch! That really hurt!
* * * LOW HITPOINT WARNING * * *
!MASSIVE DAMAGE!
YOU LOST 14 HP!
You have now: 5/19 HP.
You closely miss the siren.
You headbutt the siren, but do no damage.
The siren is heavily wounded.
The siren chants its luring song.
Unknown command.
Drink which item? (? for menu, Esc to quit)
You are too mesmerised to rage.
You hit the siren but do no damage.
The siren is heavily wounded.
The siren chants its luring song.
You slash the siren!
The siren is heavily wounded.
The siren chants its luring song.
You barely miss the siren. Your headbutt misses the siren.
The siren is heavily wounded.
The siren closely misses you.
You closely miss the siren.
The siren is heavily wounded.
The siren chants its luring song.
You hit the siren. You headbutt the siren!
The siren is severely wounded.
The siren hits you with an antimagic trident.
* * * LOW HITPOINT WARNING * * *
You hit the siren.
The siren is severely wounded.
The siren hits you with an antimagic trident!
Ouch! That really hurt!
You die...

Action                   || total
-------------------------++-------
Melee: Hand axe          ||    12
  Use: Potion            ||     1

Notes
Turn   | Place    | Note
--------------------------------------------------------------
     0 | D        | hexophile the Minotaur Berserker began the quest for the Orb.
     0 | D        | Reached XP level 1. HP: 19/19 MP: 0/0
     1 | D        | Noticed a siren
    15 | D        | Killed Menkaure
    16 | D        | Mangled by a siren

Table legend:
 A = Turns spent in this place as a percentage of turns spent in the entire game.
 B = Non-inter-level travel turns spent in this place as a percentage of non-inter-level travel turns spent in the entire game.
 C = Inter-level travel turns spent in this place as a percentage of turns spent in this place.
 D = Turns resting spent in this place as a percentage of non-inter-level travel turns spent in this place.
 E = Turns spent auto-exploring this place as a percentage of non-inter-level travel turns spent in this place.
 F = Non-inter-level travel turns spent in this place divided by the number of levels of this place that you've seen.
                   A       B       C       D       E      F
               +-------+-------+-------+-------+-------+----------------------
         Total | 100.0 | 100.0 |   0.0 |   0.0 |   0.0 |  23.0
       Dungeon | 100.0 | 100.0 |   0.0 |   0.0 |   0.0 |  23.0
               +-------+-------+-------+-------+-------+----------------------

Vanquished Creatures (others)
  Menkaure (D)
1 creature vanquished.
